 Dungeon Crawl Stone Soup version 0.17-a0-1164-g0ba867e (webtiles) character file.

14 Lektor the Digger (level 2, -3/21 HPs)
             Began as a High Elf Earth Elementalist on May 28, 2015.
             Slain by Sigmund
             ... wielding a +2 scythe of freezing
              (5 damage)
             ... on level 2 of the Dungeon.
             The game lasted 00:03:51 (774 turns).

Lektor the Digger (High Elf Earth Elementalist)      Turns: 774, Time: 00:03:51

Health: -3/21      AC: 21    Str:  7      XL:     2   Next: 31%
Magic:  0/6        EV:  2    Int: 18      God:
Gold:   23         SH:  0    Dex: 13 (15) Spells: 2 memorised, 2 levels left

rFire  . . .     SeeInvis .     g - +0 dagger
rCold  . . .     Clarity  .     (armour currently unavailable)
rNeg   + + +     SustAt   .     (no shield)
rPois  +         Gourm    .     (helmet currently unavailable)
rElec  .         Spirit   .     (cloak currently unavailable)
rCorr  .         Warding  .     (gloves currently unavailable)
rMut   .         NoTele   +     (boots currently unavailable)
MR     .....                    (no amulet)
Stlth  ++........               (no ring)
                                (no ring)

@: tree-form, not resistant to hostile enchantments, unstealthy
A: rugged brown scales 1, frail 2
a: no special abilities


You were on level 2 of the Dungeon.
You were not hungry.
You were a tree.
You visited 1 branch of the dungeon, and saw 2 of its levels.

You collected 23 gold pieces.

Inventory:

Hand weapons
 g - a +0 dagger (weapon)
Missiles
 a - 5 stones (quivered)
Armour
 b - a +0 robe
 h - a +0 robe (melded)
 m - a +0 pair of gloves (melded)
Potions
 k - a potion of degeneration
Books
 c - a book of Geomancy

   Spells                             Type                      Level
   a - Sandblast                      Earth                        1
   b - Stoneskin                      Transmutation/Earth          2
   c - Passwall                       Transmutation/Earth          3
   d - Stone Arrow                    Conjuration/Earth            3
   e - Petrify                        Transmutation/Earth          4
   f - Lee's Rapid Deconstruction     Earth                        5
Comestibles
 d - a bread ration
 o - a beef jerky


   Skills:
 - Level 2.1 Dodging
 - Level 2.1 Stealth
 - Level 2.4 Spellcasting
 - Level 1.1 Transmutations
 * Level 3.1 Earth Magic


You had 2 spell levels left.
You knew the following spells:

 Your Spells              Type           Power        Failure   Level  Hunger
a - Sandblast             Erth           ##....       6%          1    #......
b - Stoneskin             Trmt/Erth      #.......     12%         2    ##.....


Dungeon Overview and Level Annotations

Branches:
Dungeon (2/15)

Altars:

Annotations:
D:2 Sigmund


Innate Abilities, Weirdness & Mutations

(You are partially covered in rugged brown scales (AC +1, +3% HP).)
You are very frail (-20% HP).


Message History

Press: ? - help, Shift-Dir - straight line, f/p - Sigmund
Aim: Sigmund, wielding a scythe of freezing and wearing an embroidered robe (severely wounded)
You throw a stone. The stone closely misses Sigmund.
Your magical contamination has completely faded away.
Throwing (i - inventory):
a - 7 stones (quivered)
Press: ? - help, Shift-Dir - straight line, f/p - Sigmund
Aim: Sigmund, wielding a scythe of freezing and wearing an embroidered robe (severely wounded)
You throw a stone. The stone barely misses Sigmund.
Sigmund hits you from afar with a scythe of freezing.
* * * LOW HITPOINT WARNING * * *
Sigmund freezes you.
* * * LOW HITPOINT WARNING * * *
Throwing (i - inventory):
a - 6 stones (quivered)
Press: ? - help, Shift-Dir - straight line, f/p - Sigmund
Aim: Sigmund, wielding a scythe of freezing and wearing an embroidered robe (severely wounded)
You throw a stone.
The stone hits Sigmund but does no damage.
Sigmund is severely wounded.
Sigmund hits you from afar with a scythe of freezing.
You die...

#(#
#.#
#.#
#.#
#.#
#@#
##.#
#.♣#
#.##
#.#
#.#
#.#
#.#
#.#
#.#
#.#


You could see Sigmund.

Vanquished Creatures
  A bat (D:1)
  5 hobgoblins (D:1)
  A kobold (D:1)
  2 giant cockroaches (D:1)
  A giant newt (D:1)
  2 goblins (D:1)
12 creatures vanquished.

Notes
Turn   | Place    | Note
--------------------------------------------------------------
     0 | D:1      | Lektor the High Elf Earth Elementalist began the quest for the Orb.
     0 | D:1      | Reached XP level 1. HP: 11/11 MP: 4/4
   266 | D:1      | Reached XP level 2. HP: 17/17 MP: 4/6
   271 | D:1      | Learned a level 2 spell: Stoneskin
   378 | D:1      | Reached skill level 3 in Earth Magic
   743 | D:2      | Noticed Sigmund
   753 | D:2      | Gained mutation: You are partially covered in rugged brown scales (AC +1, +3% HP). [potion of mutation]
   753 | D:2      | Gained mutation: You are frail (-10% HP). [potion of mutation]
   753 | D:2      | Gained mutation: You are very frail (-20% HP). [potion of mutation]
   774 | D:2      | Slain by Sigmund

Vault maps used:
D:1:      nagdon_arrival_double_spiral
D:2:      uniq_sigmund

Action                   || total
-------------------------++-------
Melee: Unarmed           ||     4
       Dagger            ||    10
Throw: Stone             ||    15
 Cast: Sandblast         ||    23
  Use: Potion            ||     5
       Scroll            ||     1
 Stab: Sleeping          ||     1
